 Dungeon Crawl Stone Soup version 0.23.0-38-g208d714 (webtiles) character file.

Game seed: 3861983240506849019

214 Borgoz the Sneak (level 5, -1/41 HPs)
             Began as a Ghoul Enchanter on Feb 27, 2019.
             Was an Initiate of Ashenzari.
             Slain by an iguana (2 damage)
             ... on level 4 of the Dungeon.
             The game lasted 00:08:59 (3325 turns).

Borgoz the Sneak (Ghoul Enchanter)                  Turns: 3325, Time: 00:09:00

Health: -1/41      AC:  3    Str: 17    XL:     5   Next: 91%
Magic:  0/7        EV: 12    Int: 10    God:    Ashenzari [......]
Gold:   111        SH:  0    Dex: 10    Spells: 5/8 levels left

rFire    + . .     SeeInvis .   a - +1 dagger
rCold    + + .     Gourm    .   (no shield)
rNeg     + + +     Faith    .   u - +0 leather armour
rPois    ∞         Spirit   +   (no helmet)
rElec    .         Reflect  .   (no cloak)
rCorr    .         Harm     .   (no gloves)
MR       .....                  (no boots)
Stlth    ++........             k - amulet of guardian spirit
HPRegen  0.00/turn              f - ring of protection from fire
MPRegen  0.10/turn              m - ring of protection from cold

@: mighty, very slightly contaminated, rotting
A: rotting body, claws 1, carnivore, cold resistance 1, negative energy
resistance 3, inhibited regeneration, torment resistance, unbreathing
a: Curse Item, Renounce Religion


You were on level 4 of the Dungeon.
You worshipped Ashenzari.
Ashenzari was noncommittal.
You were not hungry.

You visited 2 branches of the dungeon, and saw 5 of its levels.

You collected 111 gold pieces.

Inventory:

Hand Weapons
 a - a +1 dagger (weapon)
Missiles
 n - 9 poisoned needles
Armour
 u - a +0 leather armour (worn)
Jewellery
 f - a ring of protection from fire (left claw)
 h - an uncursed ring of flight
 k - an amulet of guardian spirit (around neck)
 l - an uncursed ring of fire
 m - a ring of protection from cold (right claw)
Scrolls
 b - a scroll of random uselessness {unknown}
 g - 2 scrolls of magic mapping {unknown}
 i - a scroll of remove curse
 j - a scroll of enchant weapon {unknown}
 o - a scroll of immolation {unknown}
 t - a scroll of blinking {unknown}
Potions
 r - a potion of might
 s - a potion of haste
 v - a potion of resistance {unknown}
Comestibles
 d - 5 rations


   Skills:
 + Level 2.1 Fighting
 * Level 2.4 Short Blades
 - Level 1.3 Armour
 + Level 2.6 Dodging
 + Level 4.0 Stealth
 + Level 2.1 Spellcasting
 + Level 2.9 Hexes


You had 5 spell levels left.
You knew the following spells:

 Your Spells              Type           Power        Failure   Level  Hunger
a - Corona                Hex            #......      11%         1    ##.....
b - Ensorcelled Hibernat  Hex/Ice        #.....       30%         2    ###....

Your spell library contained the following spells:

 Spells                   Type           Power        Failure   Level  Hunger
 Confuse                  Hex            #.......     32%         3    ####...
 Tukima's Dance           Hex            #.......     32%         3    ####...
 Dazzling Spray           Conj/Hex       #.....       52%         3    ####...


Dungeon Overview and Level Annotations

Branches:
Dungeon (4/15)             Temple (1/1) D:4

Altars:
Ashenzari
Cheibriados
Dithmenos
Elyvilon
Fedhas
Gozag
Kikubaaqudgha
Okawaru
Qazlal
Sif Muna
Uskayaw
Wu Jian
Yredelemnul
Zin


Innate Abilities, Weirdness & Mutations

Your body is rotting away.
You thrive on raw meat.
You are immune to poison.
You have sharp fingernails.
You are carnivorous and can eat meat at any time.
Your flesh is cold resistant. (rC+)
You are immune to negative energy. (rN+++)
You do not regenerate when monsters are visible.
You are immune to unholy pain and torment.
You can survive without breathing.


Message History

The iguana is moderately wounded.
The iguana barely misses you.
You aren't carrying any items that you can evoke.
You hit the iguana but do no damage.
The iguana is moderately wounded.
The iguana barely misses you.
You hit the iguana.
The iguana is heavily wounded.
The iguana bites you but does no damage.
You feel very mighty all of a sudden. The iguana bites you!
* * * LOW HITPOINT WARNING * * *
You hit the iguana.
The iguana is severely wounded.
The iguana bites you.
* * * LOW HITPOINT WARNING * * *
You hit the iguana.
The iguana is almost dead.
The iguana bites you.
You die...

≈≈≈≈≈...
.######+#≈≈≈≈... .
≈.........≈≈≈≈≈### ..
≈.........≈≈≈≈≈..+....
≈..........≈≈≈≈..#....
≈........88≈≈≈≈≈88....
.....................
######.........l@.......
.....#.....88≈≈≈≈≈88....
.....#....#...≈≈≈≈≈#....
.###'#....####≈≈≈≈≈# ...
)##.......# ##≈≈≈≈## .
..#.......# #≈≈≈≈≈#
..#.......# #≈≈≈≈≈#
≈.........# ##≈≈≈≈#...
§≈........# #≈≈≈≈....


You could see an iguana.

Vanquished Creatures
  2 vampire bats (D:3)
  2 adders
  An ooze (D:2)
  6 worms
  2 dart slugs
  4 leopard geckos
  5 orcs
  A ball python (D:1)
  4 giant cockroaches (D:2)
  6 goblins
  14 hobgoblins
  4 jackals (D:3)
  4 quokkas
  10 bats
  A frilled lizard (D:4)
  7 kobolds
  4 rats
77 creatures vanquished.

Notes
Turn   | Place    | Note
-------+----------+-------------------------------------------
     0 | D:1      | Borgoz the Ghoul Enchanter began the quest for the Orb.
     0 | D:1      | Reached XP level 1. HP: 14/14 MP: 2/2
     0 | D:1      | Noticed a felid
     1 | D:1      | Noticed an octopode
     6 | D:1      | Noticed a formicid
     7 | D:1      | Noticed a spriggan
     8 | D:1      | Noticed a centaur
    10 | D:1      | Noticed a vampire
    12 | D:1      | Noticed a minotaur
    19 | D:1      | Noticed a dwarf
    19 | D:1      | Noticed a draconian
    21 | D:1      | Noticed a gargoyle
   103 | D:1      | Reached XP level 2. HP: 15/20 MP: 3/3
   218 | D:1      | Learned a level 2 spell: Ensorcelled Hibernation
   408 | D:1      | Reached skill level 1 in Short Blades
   676 | D:1      | Reached XP level 3. HP: 27/27 MP: 5/5
   690 | D:1      | Reached skill level 1 in Fighting
  1225 | D:2      | Reached XP level 4. HP: 26/35 MP: 6/6
  1248 | D:2      | Found an iron altar of Okawaru.
  1684 | D:3      | Reached skill level 4 in Stealth
  2130 | D:3      | Reached XP level 5. HP: 23/41 MP: 7/7
  2364 | D:3      | Reached skill level 1 in Armour
  2861 | D:4      | Found a staircase to the Ecumenical Temple.
  2870 | Temple   | Entered the Ecumenical Temple
  3068 | Temple   | Became a worshipper of Ashenzari the Shackled
  3324 | D:4      | HP: 1/41 [iguana (4)]
  3325 | D:4      | Slain by an iguana

Skill      XL: |  1  2  3  4  5 |
---------------+----------------+-----
Short Blades   | 1 2 |  2.4
Spellcasting   | 2 |  2.1
Fighting       | 1 2 |  2.1
Dodging        | 2 |  2.6
Stealth        | 4 |  4.0
Armour         | 1 |  1.3
Hexes          | |  2.9

Action                   |  1- 3 |  4- 6 || total
-------------------------+-------+-------++-------
Melee: Dagger            |   159 |   305 ||   464
 Cast: Corona            |     3 |    17 ||    20
       Ensorcelled Hiber |     2 |     7 ||     9
  Use: Scroll            |       |     6 ||     6
       Potion            |       |     4 ||     4
 Stab: Sleeping          |     6 |     2 ||     8
  Eat: Chunk             |    20 |    19 ||    39
Armor: Robe              |    13 |    18 ||    31
       Leather armour    |       |    79 ||    79
Dodge: Dodged            |    80 |   212 ||   292
